 Dungeon Crawl Stone Soup version 0.27-a0-899-ge2d0b17c59 (webtiles) character file.

Game seed: 4666459636423580186

124428 robertstho the Eclecticist (level 16, -4/114 HPs)
             Began as a Djinni Fire Elementalist on Apr 2, 2021.
             Was an Initiate of Gozag.
             Slain by a spark wasp (24 damage)
             ... on level 2 of the Spider Nest on Apr 5, 2021.
             The game lasted 01:17:05 (46247 turns).

robertstho the Eclecticist (DjFE)                  Turns: 46247, Time: 01:17:07

Health: -4/114     AC: 11    Str:  7    XL:     16   Next: 93%
Gold:   1108       EV: 19    Int: 32    God:    Gozag SH:  0 Dex: 17

rFire    + + .     SeeInvis +   i - +11 battleaxe of Gaolil {drain, rN+ Int+6 Stlth+}
rCold    x . .     Faith    .   (shield currently unavailable)
rNeg     + . .     Spirit   .   f - +2 robe {Archmagi}
rPois    ∞         Reflect  .   L - +2 helmet {Int+3}
rElec    .         Harm     .   q - +2 cloak {Stlth+}
rCorr    .         Rampage  .   G - +0 pair of gloves
Will     +....                  (boots unavailable)
Stlth    ++++++....             (no amulet)
HPRegen  0.29/turn              m - ring of see invisible
MPRegen  0.00/turn              z - ring of Symmetry {EV+4 Dex+2 Stlth+}

@: flying
A: fire resistance 2, cold vulnerability 1, float, innate caster, hp casting,
extra vitality 1
a: Renounce Religion, Potion Petition, Call Merchant, Bribe Branch


You were on level 2 of the Spider Nest.
You worshipped Gozag.
Gozag was most pleased with you.
You visited 5 branches of the dungeon, and saw 26 of its levels.
You also visited: Ossuary and Ice Cave.

You collected 9224 gold pieces.
You spent 3917 gold pieces at shops.
You paid 4199 gold pieces to Gozag.

Inventory:

Hand Weapons
 i - the +11 battleaxe of Gaolil (weapon) {drain, rN+ Int+6 Stlth+}
   (You bought it in a shop on level 4 of the Lair of Beasts)

   A truly terrible weapon, it drains the life of those it strikes.
   It affects your intelligence (+6).
   It protects you from negative energy.
   It makes you more stealthy.
 y - the +0 lajatang of Laceration {spect, rElec rPois rN++ Str-3}
   (You bought it in a shop on level 4 of the Lair of Beasts)

   When it strikes, its spirit leaps out and fights alongside the wielder.
   It affects your strength (-3).
   It insulates you from electricity.
   It protects you from poison.
   It greatly protects you from negative energy.
 K - the +10 lajatang of the Poles {vorpal, +Blink rElec rPois Stlth+}
   (You bought it in a shop on level 4 of the Lair of Beasts)

   It inflicts extra damage upon your enemies.
   It insulates you from electricity.
   It protects you from poison.
   It lets you blink.
   It makes you more stealthy.
 M - the +6 trident of Uncertain Death {drain, Dex+4}
   (You found it on level 11 of the Dungeon)

   A truly terrible weapon, it drains the life of those it strikes.
   It affects your dexterity (+4).
 S - a +4 scimitar of flaming
Missiles
 D - 8 boomerangs of dispersal
 J - 5 curare-tipped darts
 T - a throwing net
Armour
 f - a +2 robe of the Archmagi (worn)
 q - a +2 cloak of stealth (worn)
 G - a +0 pair of gloves (worn)
 L - a +2 helmet of intelligence (worn)
 R - a +2 robe of cold resistance
Jewellery
 m - a ring of see invisible (left hand)
 w - a ring of fire
 z - the ring of Symmetry (right hand) {EV+4 Dex+2 Stlth+}
   (You found it on level 5 of the Lair of Beasts)

   [ring of evasion]

   It affects your evasion (+4).
   It affects your dexterity (+2).
   It makes you more stealthy.
 V - the ring "Qusocaek" {Fire Int+3}
   (You found it on level 4 of the Lair of Beasts)

   [ring of fire]

   It enhances your fire magic.
   It affects your intelligence (+3).
   It protects you from fire.
   It makes you vulnerable to cold.
Wands
 b - a wand of paralysis (13)
 C - a wand of iceblast (18)
 Q - a wand of acid (28)
Scrolls
 c - a scroll of holy word
 d - 3 scrolls of teleportation
 j - 6 scrolls of magic mapping
 o - 7 scrolls of immolation
 p - 3 scrolls of blinking
 r - 4 scrolls of summoning
 v - 4 scrolls of fear
 x - a scroll of identify
 A - 8 scrolls of enchant weapon
 E - 2 scrolls of brand weapon
 F - 2 scrolls of fog
 H - a scroll of silence
Potions
 a - 3 potions of haste
 e - 6 potions of brilliance
 g - 9 potions of might
 h - a potion of resistance
 k - 5 potions of attraction
 l - 4 potions of heal wounds
 n - 3 potions of berserk rage
 s - 14 potions of curing
 t - 3 potions of mutation
 u - 3 potions of ambrosia
Miscellaneous
 B - a lightning rod (4/4)
 P - a lightning rod (4/4)
 U - a box of beasts


   Skills:
 * Level 10.5 Fighting
 + Level 0.8(1.0) Short Blades
 + Level 0.7(1.0) Long Blades
 + Level 1.0(1.3) Axes
 + Level 1.3(1.5) Polearms
 + Level 5.8 Dodging
 + Level 5.3 Stealth
 * Level 20.9 Spellcasting


You had 16 spell levels left.
You knew the following spells:

 Your Spells              Type           Power      Damage    Failure   Level
a - Foxfire               Conj/Fire      100%       2x1d9     0%          1
b - Conjure Flame         Conj/Fire      100%       6-21      0%          3
c - Inner Flame           Hex/Fire       100%       N/A       0%          3
d - Sticky Flame          Conj/Fire      100%       2d11      0%          4
e - Fireball              Conj/Fire      64%        3d24      0%          5
f - Summon Small Mammal   Summ           100%       N/A       0%          1
g - Ensorcelled Hibernat  Hex/Ice        100%       N/A       0%          2
h - Call Imp              Summ           100%       N/A       0%          2
i - Dazzling Flash        Conj/Hex       100%       N/A       0%          3
j - Irradiate             Conj/Tmut      64%        3d35      0%          5
k - Summon Forest         Summ/Tloc      64%        N/A       0%          5
l - Freezing Cloud        Conj/Ice/Air   64%        6-21      1%          6
Your spell library was empty.

Dungeon Overview and Level Annotations

Branches:
Dungeon (15/15)            Temple (1/1) D:5            Lair (6/6) D:11
 Shoals (0/4) Lair:3       Spider (1/4) Lair:3        Slime (0/5) Lair:5
    Orc (2/2) D:10            Elf (0/3) Orc:2        Vaults (0/5) D:13
 Depths (0/5) D:15        Ossuary (visited)           IceCv (visited)

Altars:
Ashenzari
Cheibriados
Dithmenos
Elyvilon
Fedhas
Gozag
Hepliaklqana
Kikubaaqudgha
Makhleb
Nemelex Xobeh
Okawaru
Qazlal
Ru
Sif Muna
Trog
Uskayaw
Vehumet
Wu Jian
Xom
Yredelemnul
Zin
The Shining One
Beogh
Jiyva

Shops:
D:4 *   D:12 (   D:14 *   D:15 ***   Orc:1 [(:   Orc:2 (:!*   Lair:4 (

Portals:
Abyss: D:14
Pandemonium: Orc:2

Annotations:
D:14 2 transporters, Kedghoxa's ghost, journeyman DEIE
Lair:4 exclusion: oklob plant
Lair:5 1 runed translucent door


Innate Abilities, Weirdness & Mutations

You are immune to poison.
Your flesh is very heat resistant. (rF++)
You are vulnerable to cold. (rC-)
You float through the air rather than walking.
You learn spells naturally, not from books.
Your magical power is your life essence.
You have superior vitality. (+4 HP)


Message History

You feel a surge of power!
The fireball explodes!
The fireball engulfs the redback!
You kill the redback!
You hear a sizzling sound! x3
The fireball engulfs the tarantella!!!
You kill the tarantella!
You hear a sizzling sound! x2
Your magical contamination has completely faded away.
You start resting.
A spark wasp comes into view.
Casting: Fireball (safe; 0% risk of failure)
Confirm with . or Enter, or press ? or * to list all spells.
Aiming: Freezing Cloud (safe; 1% risk of failure)
Press: ? - help, Dir - move target You feel a surge of power!
The spark wasp buzzes angrily.
Unknown command.
The spark wasp is engulfed in freezing vapours. x2
Casting: Freezing Cloud (safe; 1% risk of failure)
Confirm with . or Enter, or press ? or * to list all spells.
Aiming: Freezing Cloud (safe; 1% risk of failure)
Press: ? - help, Dir - move target You feel a surge of power!
That beam is likely to hit you.
Continue anyway?
The spark wasp is engulfed in freezing vapours. x2
Unknown command.
The spark wasp is engulfed in freezing vapours.
You closely miss the spark wasp.
The spark wasp is moderately wounded.
The spark wasp is engulfed in freezing vapours.
The spark wasp stings you!! The spark wasp shocks you!
The spark wasp is engulfed in freezing vapours.
The spark wasp stings you!
* * * LOW HITPOINT WARNING * * *
The spark wasp shocks you!
* * * LOW HITPOINT WARNING * * *
The spark wasp is engulfed in freezing vapours.
The spark wasp stings you!!
You die...
Your body crumbles into a pile of gold.

##. $ #.#### $
#####.#..##
.#...#...#
#........#
#..#^...○##
#.#......##
#..@$§.$$.. #.
#####§y.....## ##.#
## ###..§§§###...#
#...##.##...§§§§##
.##
.....##.^...§§§§.#
#
......#......§§§..#
......##.....§§§..#
......#..........##
......#.........##


You could see a spark wasp.

Vanquished Creatures
  Gastronok (Lair:1)
  Agnes (Spider:1)
  An emperor scorpion (Spider:1)
  A frost giant (IceCv)
  An orc warlord (Orc:2)
  2 entropy weavers (Spider:1)
  Snorg (D:14)
  A boulder beetle (D:11)
  4 hydras
  A merfolk avatar (Lair:6)
  2 catoblepae (D:14)
  5 centaur warriors
  3 death knights
  6 two-headed ogres
  2 tengu warriors
  2 death yaks
  8 orc high priests (Orc:2)
  A soul eater (Orc:2)
  A sun demon (Orc:2)
  Nergalle (Lair:1)
  A sixfirhy (Orc:2)
  2 torturous demonspawn (Orc:2)
  7 skeletal warriors (D:15)
  A lindwurm (Lair:4)
  A swamp dragon (shapeshifter) (D:15)
  A phantasmal warrior (D:15)
  6 orc knights
  A wolf spider zombie (D:15)
  4 wizards
  2 oklob plants
  8 cyclopes
  3 deep elf pyromancers
  5 manticores
  2 necromancers
  A deep elf zephyrmancer (D:14)
  5 orc sorcerers (Orc:2)
  An orb spider (Spider:1)
  7 ugly things (D:14)
  8 wolf spiders (Spider:1)
  2 black mambas
  5 centaur zombies
  2 naga magi (D:15)
  2 ice statues (IceCv)
  A gargoyle (D:12)
  A torpor snail (Lair:5)
  9 rime drakes
  13 cane toads
  A centaur skeleton (D:15)
  11 komodo dragons
  A freezing wraith (D:15)
  A kobold demonologist (D:11)
  A tengu conjurer (D:14)
  4 demonic crawlers
  An unseen horror (D:11)
  5 jumping spiders
  A wind drake (Lair:3)
  4 trolls
  17 polar bears
  3 meliai (D:13)
  5 hornets
  15 slime creatures
  15 blink frogs
  A harpy skeleton (D:15)
  A meliai zombie (D:11)
  6 dream sheep (Lair:6)
  A blink frog (shapeshifter) (D:14)
  Sigmund (D:5)
  3 shadows
  10 redbacks
  A vampire (D:12)
  5 wraiths
  4 tarantellas
  10 wyverns
  5 humans (D:9)
  2 basilisks
  A chaos spawn (Orc:2)
  51 yaks
  A steam dragon (D:10)
  2 vampire mosquitoes (D:14)
  Edmund (D:5)
  4 wargs
  A neqoxec (Orc:2)
  4 acid dragons
  21 water moccasins
  A black bear (Lair:2)
  A hornet zombie (D:6)
  2 ice beasts
  2 sky beasts (D:5)
  32 orc warriors
  22 wolves
  16 ogres
  A necrophage (D:4)
  6 centaurs
  6 kobold brigands
  A phantom (D:6)
  9 bullfrogs
  A wyvern zombie (D:7)
  3 gnoll sergeants (D:10)
  2 scorpions (D:5)
  A hornet simulacrum (D:15)
  4 killer bees (D:9)
  5 wights (D:6)
  3 electric eels (Lair:1)
  6 howler monkeys
  2 bullfrog zombies (D:5)
  3 hounds
  29 orc priests
  Crazy Yiuf (D:4)
  2 iguanas
  17 orc wizards
  A killer bee zombie (D:7)
  4 mummies (Ossuary)
  Robin (D:4)
  3 howler monkey zombies
  5 adders
  2 shadow imps
  A white imp (D:4)
  An ufetubus (D:7)
  An adder skeleton (D:4)
  A worm (D:3)
  3 dart slugs
  74 orcs
  5 endoplasms
  3 giant cockroaches
  2 gnoll zombies (Ossuary)
  5 hobgoblins
  15 jackals
  11 kobolds
  4 quokkas
  2 bats
  5 frilled lizards
  13 goblins
  A goblin zombie (Ossuary)
  2 hobgoblin zombies (Ossuary)
  3 orc zombies (Ossuary)
  2 rats
  2 bushes
  A plant (Orc:1)
718 creatures vanquished.

Vanquished Creatures (collateral kills)
  Rupert (Lair:5)
  Nessos (D:14)
  A boulder beetle (D:14)
  A two-headed ogre (Orc:1)
  An orc high priest (Orc:1)
  A sea snake (Lair:6)
  3 orc knights
  A wolf spider (Spider:1)
  A manticore (D:14)
  A rust devil (Orc:2)
  A torpor snail (Lair:5)
  An efreet (D:14)
  5 polar bears
  A troll (Orc:2)
  A tarantella (Spider:1)
  11 redbacks (Spider:1)
  A warg (Orc:1)
  5 orc warriors
  An ogre (Orc:2)
  3 orc priests
  An orc wizard (Orc:1)
  7 orcs
50 creatures vanquished.

Vanquished Creatures (others)
  A basilisk (D:14)
  578 foxfires
  50 fungi
  100 plants
  4 snaplasher vines
733 creatures vanquished.

Grand Total: 1501 creatures vanquished

Notes
Turn   | Place    | Note
-------+----------+-------------------------------------------
     0 | D:1      | robertstho the Djinni Fire Elementalist began the quest for
                  | the Orb.
     0 | D:1      | Reached XP level 1. HP: 15/15 MP: 0/0
   327 | D:1      | Reached skill level 3 in Spellcasting
   397 | D:1      | Reached XP level 2. HP: 16/21 MP: 0/0
   690 | D:1      | Found a faded altar of an unknown god.
  1070 | D:2      | Reached XP level 3. HP: 21/26 MP: 0/0
  1070 | D:2      | Learned a level 1 spell: Summon Small Mammal
  1845 | D:2      | Reached XP level 4. HP: 23/31 MP: 0/0
  2906 | D:3      | Reached skill level 4 in Spellcasting
  3586 | D:4      | Reached skill level 1 in Fighting
  3626 | D:4      | Found a sand-covered staircase.
  3630 | Ossuary  | Entered an ossuary
  3839 | Ossuary  | Reached XP level 5. HP: 34/37 MP: 0/0
  3839 | Ossuary  | Learned a level 2 spell: Ensorcelled Hibernation
  4364 | D:4      | Noticed a necrophage
  4372 | D:4      | Killed a necrophage
  4373 | D:4      | Reached skill level 5 in Spellcasting
  4373 | D:4      | Reached XP level 6. HP: 40/42 MP: 0/0
  4478 | D:4      | Found a shadowy altar of Dithmenos.
  4621 | D:4      | Noticed Robin
  4632 | D:4      | Killed Robin
  5274 | D:5      | Entered Level 5 of the Dungeon
  5274 | D:5      | Noticed Edmund
  5293 | D:5      | Killed Edmund
  5294 | D:5      | Reached XP level 7. HP: 16/49 MP: 0/0
  5294 | D:5      | Learned a level 2 spell: Call Imp
  5764 | D:5      | Reached skill level 6 in Spellcasting
  5914 | D:5      | Reached XP level 8. HP: 47/55 MP: 0/0
  6064 | D:5      | Reached skill level 7 in Spellcasting
  6081 | D:5      | Noticed Sigmund
  6089 | D:5      | Killed Sigmund
  6218 | D:5      | Found a bloodstained altar of Trog.
  6311 | D:5      | Found a staircase to the Ecumenical Temple.
  6339 | Temple   | Entered the Ecumenical Temple
  6707 | D:6      | Reached skill level 8 in Spellcasting
  7211 | D:6      | Reached XP level 9. HP: 30/61 MP: 0/0
  7211 | D:6      | Learned a level 3 spell: Dazzling Flash
  7645 | D:6      | Reached skill level 9 in Spellcasting
  7898 | D:7      | Identified the +2 dagger of Destiny {elec, Dex+3}
  8704 | D:8      | Noticed a hornet
  8706 | D:8      | Killed a hornet
  9002 | D:8      | Found an opulent altar of Gozag.
  9002 | D:8      | Found a hide-covered altar of Uskayaw.
  9280 | D:9      | Reached skill level 10 in Spellcasting
  9316 | D:8      | Became a worshipper of Gozag Ym Sagoz the Greedy
 10281 | D:9      | Noticed a hornet
 10286 | D:9      | Killed a hornet
 10287 | D:9      | Reached XP level 10. HP: 50/69 MP: 0/0
 11225 | D:9      | Reached skill level 11 in Spellcasting
 11231 | D:9      | Reached skill level 5 in Fighting
 11803 | D:10     | Entered Level 10 of the Dungeon
 11885 | D:10     | Found a staircase to the Orcish Mines.
 12328 | D:10     | Reached skill level 12 in Spellcasting
 12330 | D:10     | Reached XP level 11. HP: 23/76 MP: 0/0
 12330 | D:10     | Learned a level 5 spell: Irradiate
 12957 | D:10     | Noticed a two-headed ogre
 12962 | D:10     | Killed a two-headed ogre
 13344 | D:10     | Noticed a two-headed ogre
 13350 | D:10     | Killed a two-headed ogre
 14053 | D:11     | Noticed a two-headed ogre
 14058 | D:11     | Killed a two-headed ogre
 14059 | D:11     | Reached skill level 13 in Spellcasting
 14270 | D:11     | Noticed a two-headed ogre
 14272 | D:11     | Killed a two-headed ogre
 14492 | D:11     | Noticed a boulder beetle
 14707 | Orc:1    | Entered Level 1 of the Orcish Mines
 14708 | Orc:1    | Noticed an orc knight
 15223 | D:4      | Bought a sedimented inky potion for 19 gold pieces
 15223 | D:4      | Bought a green potion for 19 gold pieces
 15223 | D:4      | Bought a scroll of teleportation for 66 gold pieces
 15297 | D:4      | Found a runed translucent door.
 15298 | D:4      | Noticed Crazy Yiuf
 15303 | D:4      | Killed Crazy Yiuf
 15737 | D:11     | Killed a boulder beetle
 15738 | D:11     | Reached XP level 12. HP: 64/84 MP: 0/0
 16012 | D:11     | Reached skill level 14 in Spellcasting
 16192 | D:11     | Found a staircase to the Lair.
 16574 | D:11     | Identified the +6 trident of Uncertain Death {drain, Dex+4}
 17903 | D:12     | Found Zitsok's Weapon Emporium.
 18553 | D:12     | Noticed a two-headed ogre
 18557 | D:12     | Killed a two-headed ogre
 18895 | D:13     | Reached skill level 15 in Spellcasting
 19140 | D:13     | Noticed a two-headed ogre
 19143 | D:13     | Noticed a tengu warrior
 19146 | D:13     | Killed a two-headed ogre
 19151 | D:13     | Killed a tengu warrior
 19448 | D:13     | Found a bloodstained altar of Trog.
 19682 | D:13     | Reached XP level 13. HP: 80/90 MP: 0/0
 19682 | D:13     | Learned a level 5 spell: Summon Forest
 19737 | D:13     | Found a gate to the Vaults.
 20125 | D:14     | Found a transporter.
 20133 | D:14     | Reached skill level 1 in Polearms
 20135 | D:14     | Noticed Nessos
 20136 | D:14     | Reached skill level 5 in Dodging
 20147 | D:14     | Killed Nessos
 20450 | D:14     | Identified a scroll of acquirement
 20451 | D:14     | Acquired 694 gold pieces
 20505 | D:14     | Found a one-way gate to the infinite horrors of the Abyss.
 20505 | D:14     | Noticed a rakshasa
 20505 | D:14     | Noticed Kedghoxa's ghost (journeyman DEIE)
 20506 | D:14     | Found a transporter.
 20780 | D:14     | Reached skill level 16 in Spellcasting
 20781 | D:14     | Noticed Snorg
 21414 | D:14     | Killed Snorg
 21754 | D:14     | Reached skill level 5 in Stealth
 21790 | D:14     | Identified the amulet of Wid Hunt {Faith +Blink +Fly Int+3}
 22180 | D:14     | Found Dosmarari's Assorted Antiques.
 22205 | D:14     | Identified the +5 flail "Baceenua" {freeze, *Drain Int+5}
 22226 | D:14     | Bought an emerald potion for 27 gold pieces
 22226 | D:14     | Bought a scroll of identify for 60 gold pieces
 22896 | D:14     | Reached XP level 14. HP: 77/98 MP: 0/0
 22923 | D:14     | Reached skill level 17 in Spellcasting
 23548 | D:14     | Noticed a purple very ugly thing
 23621 | D:15     | Entered Level 15 of the Dungeon
 24069 | Lair:1   | Entered Level 1 of the Lair of Beasts
 24344 | Lair:1   | Noticed Gastronok
 24351 | Lair:1   | Killed Gastronok
 24389 | Lair:1   | Found a frozen archway.
 24404 | IceCv    | Entered an ice cave
 25810 | IceCv    | Noticed a frost giant
 25818 | IceCv    | Killed a frost giant
 26095 | IceCv    | Found the +3 giant club "Skullcrusher" {speed, Str+7}
 26819 | Lair:1   | Upgraded the game from 0.27-a0-869-g165b36e3f0 to
                  | 0.27-a0-899-ge2d0b17c59
 27013 | Lair:1   | Noticed Nergalle
 27018 | Lair:1   | Killed Nergalle
 27019 | Lair:1   | Reached skill level 18 in Spellcasting
 29140 | Lair:3   | Found a hole to the Spider Nest.
 29875 | Lair:3   | Found a staircase to the Shoals.
 30473 | Lair:4   | Reached XP level 15. HP: 75/104 MP: 0/0
 30473 | Lair:4   | Learned a level 6 spell: Freezing Cloud
 30699 | Lair:4   | HP: 4/104 [rime drake/flash freeze (31)]
 31403 | Lair:4   | Identified the ring "Qusocaek" {Fire Int+3}
 32011 | Lair:4   | Bought an ancient battleaxe for 379 gold pieces
 32011 | Lair:4   | Identified the +11 battleaxe of Gaolil {drain, rN+ Int+6
                  | Stlth+} (You bought it in a shop on level 4 of the Lair of
                  | Beasts)
 32011 | Lair:4   | Bought a transparent war axe for 280 gold pieces
 32011 | Lair:4   | Identified the +8 war axe of Wondrous Power {distort, rC+
                  | Stlth+} (You bought it in a shop on level 4 of the Lair of
                  | Beasts)
 32011 | Lair:4   | Bought a twisted lajatang for 660 gold pieces
 32011 | Lair:4   | Identified the +0 lajatang of Laceration {spect, rElec
                  | rPois rN++ Str-3} (You bought it in a shop on level 4 of
                  | the Lair of Beasts)
 32011 | Lair:4   | Bought a smoking lajatang for 660 gold pieces
 32011 | Lair:4   | Identified the +10 lajatang of the Poles {vorpal, +Blink
                  | rElec rPois Stlth+} (You bought it in a shop on level 4 of
                  | the Lair of Beasts)
 32775 | Lair:5   | Found a runed translucent door.
 32776 | Lair:5   | Found a viscous altar of Jiyva.
 32776 | Lair:5   | Noticed an azure jelly
 32776 | Lair:5   | Noticed an azure jelly
 32780 | Lair:5   | Found a staircase to the Slime Pits.
 32782 | Lair:5   | Noticed an azure jelly
 32938 | Lair:5   | Identified the ring of Symmetry {EV+4 Dex+2 Stlth+}
 32991 | Lair:5   | Noticed Rupert
 33524 | Lair:5   | Killed Rupert
 33525 | Lair:5   | Reached skill level 19 in Spellcasting
 33856 | Lair:6   | Entered Level 6 of the Lair of Beasts
 37490 | Orc:1    | Found Canal's Armour Shop.
 37757 | Orc:2    | Entered Level 2 of the Orcish Mines
 37844 | Orc:2    | Noticed an orc warlord
 37857 | Orc:2    | Killed an orc warlord
 39405 | Orc:2    | Found a staircase to the Elven Halls.
 39498 | Orc:2    | Reached XP level 16. HP: 73/112 MP: 0/0
 39794 | Orc:2    | Found Beicheri's Distillery.
 39798 | Orc:2    | Found Geudulob's General Store.
 40205 | Orc:2    | Bought a scroll of identify for 30 gold pieces
 40209 | Orc:2    | Bought a potion of heal wounds for 85 gold pieces
 40209 | Orc:2    | Bought a potion of might for 68 gold pieces
 40209 | Orc:2    | Bought a potion of heal wounds for 85 gold pieces
 40209 | Orc:2    | Bought a potion of heal wounds for 85 gold pieces
 40209 | Orc:2    | Bought 2 potions of heal wounds for 170 gold pieces
 40209 | Orc:2    | Bought 2 potions of curing for 102 gold pieces
 40209 | Orc:2    | Bought a potion of heal wounds for 85 gold pieces
 40209 | Orc:2    | Bought a potion of curing for 51 gold pieces
 40270 | Orc:2    | Reached skill level 20 in Spellcasting
 41659 | Orc:2    | Reached skill level 10 in Fighting
 41864 | Orc:2    | Found Wefrikhiu's Antique Weapon Boutique.
 41864 | Orc:2    | Found Unysemp's Book Shop.
 41881 | Orc:2    | Found a one-way gate leading to the halls of Pandemonium.
 41955 | Orc:1    | Found Wuasusk's Antique Weapon Shop.
 42471 | Orc:1    | Found Tokhogg's Book Shop.
 43193 | D:15     | HP: 4/113 [mirror damage (13)]
 44333 | D:15     | Found a staircase to the Depths.
 44570 | D:15     | Bought a potion of curing for 102 gold pieces
 44570 | D:15     | Bought a potion of haste for 340 gold pieces
 44570 | D:15     | Bought a potion of curing for 102 gold pieces
 44572 | D:15     | Bought a potion of magic for 104 gold pieces
 44572 | D:15     | Bought a scroll of blinking for 97 gold pieces
 44572 | D:15     | Bought a +1 helmet of intelligence for 214 gold pieces
 44587 | D:15     | Bought a fuming purple potion for 27 gold pieces
 44728 | Spider:1 | Entered Level 1 of the Spider Nest
 45710 | Spider:1 | Noticed Agnes
 45723 | Spider:1 | Killed Agnes
 45724 | Spider:1 | Reached skill level 1 in Axes
 46165 | Spider:1 | You are sucked into a shaft and drop 1 floor!
 46247 | Spider:2 | Slain by a spark wasp

Illustrated notes

Levels and vault maps discovered:
D:1:      dpeg_arrival_round_b, layout_loops_ring, basic_ecumenical_altar
D:2:      layout_loops_ring
D:3:      layout_basic
D:4:      layout_loops_cross, lemuel_doored_altar,
          lightli_ossuary_entry_decrepit_ruins, uniq_crazy_yiuf_cottage,
          uniq_robin
D:5:      layout_basic, lemuel_crystal_altar, minmay_temple_entry_antechambers,
          eino_tiny_chamber, uniq_sigmund, uniq_edmund
D:6:      layout_rooms, minmay_misc_feat_secret_circle
D:7:      layout_cave_pools, serial_column_ruins, column_ruins_open_small,
          column_ruins_open_tiny, column_ruins_open_small,
          column_ruins_corridor_straight, column_ruins_columns_straight,
          column_ruins_grid_1
D:8:      layout_cave_pools, gammafunk_temple_overflow_elements
D:9:      layout_small_grid, minmay_ruffians
D:10:     layout_stronghold, kennysheep_orc_monster_closet_entryway,
          minmay_fountain_box
D:11:     layout_loops_corners, minmay_lair_entry_grove,
          minmay_fractal_squares_diagonal_5
D:12:     layout_grid_maze, serial_shops, shop
D:13:     layout_loops_ring, david_vaults_1, corexii_corridor_pit, bloody_trog
D:14:     hangedman_cross_cluster, layout_basic, gammafunk_ghost_abyssal_escape,
          minmay_misc_feat_nine_boxes, serial_shops, shop, uniq_nessos,
          uniq_snorg
D:15:     grunt_enter_depths_magical_seal, layout_basic, vehumet_crystals,
          lightli_minifort
Temple:   regret_index_temple_mists
Lair:1:   layout_regular_city, portal_ice_cave_entry_pillars_1, serial_bayou,
          serial_bayou_shore_a, serial_bayou_lake_a, serial_bayou_pond_a,
          serial_bayou_pond_e, serial_bayou_crossing, uniq_gastronok,
          uniq_nergalle
Lair:2:   layout_cave_pods
Lair:3:   layout_chaotic_city, minmay_shoals_entry_beasts, spider_nest_entry_a,
          lemuel_fruit_tree, grunt_megastairs_2
Lair:4:   layout_regular_city, minmay_lair_drake_nest, minmay_lair_oklob_chamber
Lair:5:   layout_cave_pods, slime_altar_2, uniq_rupert
Lair:6:   gammafunk_lair_ancient_temple, layout_regular_city,
          lemuel_fruit_fields
Spider:1: cheibrodos_spider_silkery, uniq_agnes
Spider:2: layout_chambers, gammafunk_ghost_split, nicolae_spider_eight_legs
Orc:1:    layout_caves, basic_altar, serial_shops, shop,
          nicolae_shop_overgrown_old_shop, nicolae_shop_waterfront
Orc:2:    pf_orc_diabolical, layout_caves, basic_altar, minmay_orc_temple_c

Skill      XL: |  1  2  3  4  5  6  7  8  9 10 11 12 13 14 15 16 |
---------------+-------------------------------------------------+-----
Spellcasting   | 3 4 5 6 8 10 12 13 15 16 18 19 20 | 20.9
Stealth        | 2 3 4 5 |  5.3
Fighting       | 1 2 3 4 5 6 7 8 9 10 | 10.5
Dodging        | 3 4 5 |  5.8
Polearms       | 1 |  1.3
Axes           | 1 |  1.0
Short Blades   | |  0.8
Long Blades    | |  0.7

Action                   |  1- 3 |  4- 6 |  7- 9 | 10-12 | 13-15 | 16-18 || total
-------------------------+-------+-------+-------+-------+-------+-------++-------
Melee: Dagger            |       |       |     4 |    58 |       |       ||    62
       Trident           |       |       |       |    16 |     2 |       ||    18
       Battleaxe         |       |       |       |       |     4 |    15 ||    19
 Cast: Foxfire           |    58 |   133 |   145 |    14 |       |       ||   350
       Sticky Flame      |       |     4 |     8 |    20 |    28 |    14 ||    74
       Fireball          |       |       |    31 |   188 |   449 |   120 ||   788
       Call Imp          |       |       |     2 |       |       |       ||     2
       Summon Forest     |       |       |       |       |    21 |     4 ||    25
       Freezing Cloud    |       |       |       |       |    22 |    34 ||    56
       Irradiate         |       |       |       |       |       |    19 ||    19
Invok: Call Merchant     |       |       |       |     1 |     1 |     3 ||     5
  Use: Scroll            |       |    10 |     5 |     4 |    15 |     5 ||    39
       Potion            |       |       |       |       |     6 |     4 ||    10
 Stab: Distracted        |       |       |       |     1 |       |       ||     1
Armor: Robe              |     1 |     8 |       |       |    19 |    15 ||    43
       Animal skin       |       |     2 |     5 |    12 |       |       ||    19
Dodge: Dodged            |    19 |    29 |    21 |    34 |    44 |    68 ||   215
       Rpst.: Great sword |       |       |     4 |       |       |       ||     4

Table legend: (Time is in decaauts)
 A = Elapsed time spent in this place.
 B = Non-inter-level travel time spent in this place.
 C = Inter-level travel time spent in this place.
 D = Time resting spent in this place.
 E = Time spent auto-exploring this place.
 F = Levels seen in this place.
 G = Mean time per level.
                   A        B        C        D        E       F      G
               +--------+--------+--------+--------+--------+-----+--------+
         Total |  46320 |  44327 |   1993 |   9663 |  30098 |  28 | 1654.3 |
       Dungeon |  25126 |  23720 |   1406 |   4015 |  17343 |  15 | 1675.1 |
        Temple |    188 |    165 |     23 |      0 |    165 |   1 |  188.0 |
          Lair |  11180 |  10763 |    417 |   2792 |   7107 |   6 | 1863.3 |
   Spider Nest |   1520 |   1520 |      0 |     40 |   1291 |   2 |  760.0 |
  Orcish Mines |   5458 |   5313 |    145 |   1285 |   3289 |   2 | 2729.0 |
       Ossuary |    639 |    639 |      0 |     22 |    487 |   1 |  639.0 |
      Ice Cave |   2206 |   2206 |      0 |   1509 |    416 |   1 | 2206.0 |
               +--------+--------+--------+--------+--------+-----+--------+

Top non-repeatable levels by time:
   Orc:2: 4628 daAuts
    D:10: 3446 daAuts
    D:14: 3435 daAuts
  Lair:5: 3370 daAuts
   IceCv: 2206 daAuts
    D:15: 1828 daAuts
  Lair:2: 1802 daAuts
    D:11: 1792 daAuts
  Lair:6: 1712 daAuts
    D:12: 1698 daAuts
     D:8: 1646 daAuts
  Lair:4: 1571 daAuts
  Lair:3: 1559 daAuts
     D:2: 1486 daAuts
Spider:1: 1438 daAuts
